[Event "German Bundesliga 2023-24"]
[Site "Germany"]
[Date "2024.03.16"]
[Round "12.2"]
[White "Bartel, Mateusz"]
[Black "Anton Guijarro, David"]
[Result "1/2-1/2"]
[ECO "C67"]
[WhiteElo "2651"]
[BlackElo "2653"]
[Annotator "TA"]
[PlyCount "119"]
[EventDate "2023.10.20"]
[EventType "team-tourn"]
[EventCountry "GER"]
[SourceTitle "playchess.com"]
[Source "ChessBase"]
[SourceQuality "1"]
[TimeControl "40/6000+30:3000+30"]

1. e4 e5 2. Nf3 Nc6 3. Bb5 Nf6 4. O-O Nxe4 5. Re1 Nd6 6. Nxe5 Be7 7. Bf1 Nf5 8. Nf3 O-O 9. d4 d5 {[%emt 0:00:08] White has an edge.} 10. c3 Bd6 11. g3 Re8 12. Rxe8+ Qxe8 13. Bd3 h6 14. Nbd2 Bf8 15. Nf1 Nce7 16. Bf4 c6 17. Qc2 g5 18. Be5 Bg7 $1 19. Re1 f6 20. Bc7 $36 {[%emt 0:00:08][%mdl 2048] Black is under strong pressure.} Bf8 21. Ne3 {[%emt 0:20:28] White is much more active.} Qd7 22. Nxf5 Nxf5 23. Bd8 Bg7 {[%emt 0:14:07][%mdl 8192] [#]} (23... g4 $16 {was called for.}) 24. Bxf6 $1 $18 Qf7 (24... Bxf6 $2 25. Bxf5 Qxf5 26. Re8+ Kf7 27. Qxf5 Bxf5 28. Rxa8 $18) 25. Bxg7 Kxg7 26. Ne5 Qf8 27. Qe2 {[%emt 0:00:33] f4 is the strong threat.} Nd6 28. Qh5 Bf5 {[%emt 0:04:24] [#] Repels Qg6+} 29. Ng4 $1 Bxd3 30. Qxh6+ Kg8 {[%emt 0:00:33] ...Qxh6 would now be deadly.} 31. Qxg5+ Qg7 {[%emt 0:02:02] Black is weak on the dark squares} 32. Nf6+ Kf8 (32... Kf7 $2 33. Re7+ Kxe7 34. Qxg7+) 33. Qf4 Nf7 34. Nd7+ Kg8 35. Re7 Qg6 {[%emt 0:01:06] [#]} 36. Rxf7 Qxf7 37. Qxf7+ Kxf7 38. Ne5+ Kf6 39. Nxd3 {[%emt 0:00:03][%mdl 4096] Endgame. KR-KN} b6 40. f3 Rc8 41. Nf4 a5 42. Kf2 Kf5 $2 (42... Kf7 43. Ke3 Rh8) 43. h4 a4 44. Ne2 a3 45. b3 (45. bxa3 Ra8 $11) (45. g4+ $142 Kg6 46. b3 (46. bxa3 Ra8 $18)) 45... c5 {[%emt 0:01:38] [#]} 46. Ke3 Re8+ 47. Kd2 Rh8 48. Nf4 $2 (48. g4+ Kf6 $11) ({White should try} 48. Kd3 $16) 48... Rg8 $11 {[%emt 0:00:49] The position is equal.} 49. Nh5 (49. Nxd5 Rxg3 50. Ne3+ Kf4) 49... Kg6 $1 50. g4 Rf8 51. f4 {[%emt 0:00:00][%cal Bf3f4,Bf4f5][%mdl 32] And now f5+ would win.} Rh8 $1 52. f5+ Kf7 53. Kd3 Rh6 54. Ke3 Rh8 55. Kd3 Rh6 56. b4 ({Much less strong is} 56. Ke3 Rh8 $16) 56... cxb4 57. cxb4 {[%emt 0:00:00] aiming for b5.} b5 58. Ke3 Rh8 59. Kd3 (59. Kf4 Rc8 60. g5 Rc2 61. g6+ Kg8 62. Nf6+ Kh8 $17) 59... Rh6 60. Kd2 {[%emt 0:13:54] Black escapes into a draw.   Weighted Error Value: White=0.21 (precise) /Black=0.19 (very precise) .  Loses game:     	---       	Black=2      Mistake:       	White=3     	Black=1      Inaccurate:     	White=1     	Black=1      OK:         	White=20    	Black=19     Best:        	White=4     	Black=7      Strong:       	---       	Black=3      Brilliant:      	White=1     	---} 1/2-1/2

[Event "German Bundesliga 2023-24"]
[Site "Germany"]
[Date "2024.03.16"]
[Round "12.2"]
[White "Idani, Pouya"]
[Black "L'Ami, Erwin"]
[Result "1/2-1/2"]
[ECO "B12"]
[WhiteElo "2633"]
[BlackElo "2627"]
[Annotator "TA"]
[PlyCount "92"]
[EventDate "2023.10.20"]
[EventType "team-tourn"]
[EventCountry "GER"]
[SourceTitle "playchess.com"]
[Source "ChessBase"]
[SourceQuality "1"]
[TimeControl "40/6000+30:3000+30"]

1. e4 c6 2. d4 d5 3. e5 Bf5 4. Bd3 Bxd3 5. Qxd3 Qa5+ 6. c3 Qa6 {[%emt 0:05:08] B12: Caro-Kann: Advance Variation.} 7. Qd1 $1 {[%emt 0:00:20][%mdl 4] is now more promising than 7.Qxa6.} e6 8. Ne2 Ne7 9. O-O Nd7 10. b4 Qb6 11. Nd2 a5 12. a3 $146 ({Predecessor:} 12. bxa5 Qxa5 13. Nb3 Qb5 14. Bg5 h6 15. Bxe7 Bxe7 16. Qc2 O-O 17. Rfb1 Qa4 18. Qd2 {0-1 Wilms,R-Fraas,H (2158) Hamburg-ch int 10th 2007 (2)}) 12... Qc7 13. a4 Nf5 14. Rb1 axb4 15. cxb4 Be7 16. Qc2 h5 17. a5 b6 18. b5 bxa5 19. bxc6 (19. Qxc6 Qxc6 20. bxc6 Nb8 $17) 19... Nb6 20. Qb3 Rb8 (20... Nc8 $1 $15 21. Qb7 Ra7) 21. Qa2 Qxc6 22. Qxa5 O-O 23. Qa6 Rfc8 24. Nf3 Qc4 25. Rxb6 (25. Qxc4 {simplifies} Nxc4 26. Bf4 g6 27. h3) 25... Rxb6 26. Qxb6 Qxe2 27. Bd2 {[%emt 0:06:32] [#]} Kh7 (27... Rc4 $1 $17 {[%cal Of5d4] ...Nxd4! would now be deadly.} 28. Bg5 Rb4) 28. Bg5 $11 Qc2 29. Be3 {[%emt 0:00:18] [#]} (29. Bxe7 $11 Nxe7 30. h3 (30. Qb7 Qc7 $11)) 29... Rc3 $1 $17 30. Qb1 Qxb1 (30... Nxe3 $17 31. fxe3 Qe4 (31... Qxb1 32. Rxb1 Ba3 33. Kf1 $15) 32. Qxe4+ dxe4) 31. Rxb1 $15 Kg6 32. Re1 ({White should try} 32. Rc1 $15 Rb3 33. Bd2) 32... Bb4 $17 33. Rb1 Ba3 34. Re1 Bb4 35. Rb1 $1 Be7 36. Re1 Bd8 37. Kf1 Rb3 38. h3 h4 39. Ke2 Rb2+ 40. Kf1 Bb6 41. Re2 Rb1+ 42. Re1 Rb4 43. Rd1 $1 f6 44. Ke2 Rc4 45. Kd3 Bc7 46. Ra1 Rc6 1/2-1/2

[Event "German Bundesliga 2023-24"]
[Site "Germany"]
[Date "2024.03.16"]
[Round "12.2"]
[White "Svane, Frederik"]
[Black "Plat, Vojtech"]
[Result "1/2-1/2"]
[ECO "B31"]
[WhiteElo "2626"]
[BlackElo "2503"]
[Annotator "TA"]
[PlyCount "104"]
[EventDate "2023.10.20"]
[EventType "team-tourn"]
[EventCountry "GER"]
[SourceTitle "playchess.com"]
[Source "ChessBase"]
[SourceQuality "1"]
[TimeControl "40/6000+30:3000+30"]

1. e4 c5 2. Nf3 Nc6 3. Bb5 g6 4. O-O Bg7 5. c3 a6 6. Bxc6 dxc6 7. d4 cxd4 8. cxd4 Nf6 9. Qc2 O-O {[%emt 0:00:21] White is slightly better.} 10. h3 e5 11. dxe5 {[%emt 0:04:24][%cal Oc1g5] [#] aiming for Bg5!} (11. Nxe5 $2 {is the wrong capture.} Qxd4 12. Qc3 Qxe4 $19) 11... Nd7 12. Bf4 Qe7 13. Nc3 b5 14. Rad1 Nxe5 15. Bxe5 Bxe5 16. Nxe5 Qxe5 17. f4 Qc5+ 18. Qf2 Qxf2+ 19. Rxf2 Re8 20. Rd6 Kg7 21. e5 g5 22. Rxc6 (22. fxg5 {seems wilder.} Rxe5 23. Rd8 Re7 24. Rf6) 22... gxf4 23. Rc5 Be6 24. Rxf4 Rec8 25. Rxc8 Rxc8 $11 {[%emt 0:00:06][%mdl 4096] Endgame. KRB-KRN} 26. a3 Rc5 27. Re4 h5 28. Kf2 Kg6 29. Kg3 Kf5 {[%emt 0:04:05][%cal Oc5c3] [#] ...Rxc3+! would now be deadly.} 30. Rh4 Kg6 31. Rd4 Kf5 32. Rh4 Kg6 {[%emt 0:00:14] The position is equal.} 33. Rd4 Kf5 34. Rd6 Rc4 35. Rxa6 {[%emt 0:00:55] And now Rb6 would win.} b4 36. axb4 Rxb4 37. Nd1 h4+ 38. Kf2 Kxe5 39. Ra5+ Kf6 40. Kf3 Bf5 41. Nc3 {[%emt 0:06:51] Threatens to win with Nd5+.} Rxb2 42. Nd5+ Kg7 43. Ne3 Bc8 44. Nf5+ Bxf5 45. Rxf5 {[%emt 0:00:04] KR-KR} Rb3+ 46. Kg4 Rg3+ 47. Kxh4 Rxg2 48. Rg5+ Rxg5 49. Kxg5 f6+ 50. Kf5 Kh6 51. Kxf6 Kh5 52. h4 Kxh4 {[%emt 0:00:08] Weighted Error Value: White=0.04 (flawless) /Black=0.03 (flawless) .  Inaccurate:     	White=3     	Black=1      OK:         	White=22    	Black=24     Best:        	---       	Black=6} 1/2-1/2

[Event "German Bundesliga 2023-24"]
[Site "Germany"]
[Date "2024.03.16"]
[Round "12.3"]
[White "Kryvoruchko, Yuriy"]
[Black "Pechac, Jergus"]
[Result "1/2-1/2"]
[ECO "C60"]
[WhiteElo "2656"]
[BlackElo "2580"]
[Annotator "TA"]
[PlyCount "76"]
[EventDate "2023.10.20"]
[EventType "team-tourn"]
[EventCountry "GER"]
[SourceTitle "playchess.com"]
[Source "ChessBase"]
[SourceQuality "1"]
[TimeControl "40/6000+30:3000+30"]

1. e4 e5 2. Nf3 Nc6 3. Bb5 Nge7 4. Nc3 Ng6 5. d4 exd4 6. Nxd4 Nxd4 7. Qxd4 c6 8. Be2 {[%emt 0:00:15] White is slightly better.} Qb6 $1 9. Qd3 Be7 10. O-O O-O 11. a4 d6 12. a5 Qc7 13. f4 Bd7 14. Be3 Rfe8 15. Qc4 Qc8 16. Rad1 b5 17. axb6 axb6 18. Bxb6 Rb8 19. Be3 (19. Bd4 $5) 19... Rxb2 20. Na4 d5 21. Qd3 (21. exd5 $2 {is the wrong capture.} Rb4 22. Nb6 Rxc4 $19) 21... Ra2 22. Nb6 Qc7 23. Nxd7 Qxd7 24. e5 f6 25. Bh5 {[%emt 0:13:17] This pair of bishops is nice.} Rf8 26. Bxg6 hxg6 27. Qxg6 Qe8 28. Qd3 Ra3 (28... fxe5 {is interesting.} 29. fxe5 Qh5 30. Bd4 Ra3) 29. c3 fxe5 30. fxe5 Qh5 31. Rxf8+ Bxf8 {[%emt 0:00:29] The position is equal.} 32. Rf1 Be7 (32... Qxe5 $2 {too greedy.} 33. Rxf8+ Kxf8 34. Bc5+ Kg8 35. Bxa3 $18) 33. h3 Qxe5 34. Bd4 Qe4 35. Qxe4 dxe4 36. Re1 c5 37. Rxe4 {[%emt 0:02:38] [#] Bxg7 would now be deadly.} cxd4 38. Rxe7 dxc3 {[%emt 0:00:12] Weighted Error Value: White=0.07 (flawless) /Black=0.04 (flawless) .  Inaccurate:     	White=2     	Black=2      OK:         	White=15    	Black=16     Best:        	White=1     	Black=2      Strong:       	---       	Black=1} 1/2-1/2

[Event "German Bundesliga 2023-24"]
[Site "Germany"]
[Date "2024.03.16"]
[Round "12.3"]
[White "Andersen, Mads"]
[Black "Dragnev, Valentin"]
[Result "1-0"]
[ECO "C77"]
[WhiteElo "2606"]
[BlackElo "2586"]
[Annotator "TA"]
[PlyCount "85"]
[EventDate "2023.10.20"]
[EventType "team-tourn"]
[EventCountry "GER"]
[SourceTitle "playchess.com"]
[Source "ChessBase"]
[SourceQuality "1"]
[TimeControl "40/6000+30:3000+30"]

1. e4 e5 2. Nf3 Nc6 3. Bb5 a6 4. Ba4 Nf6 5. d3 Bc5 6. Bxc6 dxc6 7. Nbd2 (7. Nxe5 $2 Qd4 8. Qe2 Qxe5 $19) 7... Be6 8. O-O (8. Nxe5 $2 Qd4 9. Rf1 Qxe5 $19) 8... Qd6 9. Qe1 {[%emt 0:21:11] The position is equal.} Nd7 10. Nb3 Bg4 11. Nfd2 Qg6 12. Kh1 $1 Be7 13. Nc4 Qh5 14. f4 Bh4 15. Qe3 exf4 16. Qxf4 O-O-O 17. Nd4 (17. Qxf7 $2 Rdf8 $19) 17... Nc5 (17... Be6 $11) 18. Ne5 $1 $16 {[%emt 0:08:01] White is more active. A dynamic duo of knights.} Ne6 (18... Bf6 $16 {is a better defense.} 19. Qxg4+ Qxg4 20. Nxg4 Bxd4 21. Rxf7 h5) 19. Nxe6 $18 (19. Qxg4 Qxg4 20. Ndf3 (20. Nxg4 Nxd4 21. g3 f5 $11) 20... h5 (20... Qh5 21. g4 $14) 21. Nxg4 hxg4 $11) 19... Bxe6 {[%emt 0:00:11] [#]} 20. g4 $1 (20. Nxf7 $2 Rhf8 21. Qe3 Rxf7 $19) 20... Qh6 21. Qxh6 $40 {[%emt 0:05:05][%mdl 128] White wants a kill.} (21. Nxf7 Qxf4 22. Rxf4 Bxf7 23. Rxf7 Bf6) 21... gxh6 22. Bxh6 {[%emt 0:00:31][%cal Og4g5] Strongly threatening g5!} (22. Nxf7 $2 Rhf8 23. b3 Rxf7 $19 (23... Bxf7 24. Bxh6 Be7 25. Bxf8 $14)) 22... Rhg8 23. Nxf7 Rde8 24. Ne5 (24. g5 $18) 24... Be7 (24... Bg5 $16 {might work better.} 25. Nf7 (25. Bxg5 Rxg5 26. Nf3 Rb5 $16) 25... Bxh6 26. Nxh6 Rg6) 25. h3 Bd6 26. Nf3 Rg6 27. Bd2 h5 28. gxh5 Rg3 {[%emt 0:07:38] [#]} 29. Ng5 {[%emt 0:00:03] aiming for Rg1.} ({Not} 29. h4 Rh3+ 30. Kg2 Rg3+ 31. Kh1 (31. Kf2 $2 Rf8 $19) 31... Rh3+ 32. Kg2 Rg3+ 33. Kh1 $11 (33. Kf2 $2 Rf8 $19)) 29... Rg8 30. h4 (30. Nxe6 $2 Rxh3#) 30... Rg4 31. Be1 (31. Nxe6 $2 Rxh4#) 31... Bd7 32. Rg1 (32. h6 $142 Rh8 33. Nf7) 32... Rh8 33. Rxg4 Bxg4 34. Kg2 Rxh5 35. Bg3 {[%emt 0:00:19] Black must now prevent Bxd6.} Be7 36. Bf4 Bd7 (36... Rh8 $142 37. b3 Bd7) 37. Kg3 Rh8 38. Rf1 Rg8 39. Be3 Bd6+ 40. Bf4 {[%emt 0:00:26] Bxd6 would now be deadly.} Be7 41. d4 {[%emt 0:11:09] White is clearly better.} b5 42. b3 a5 43. Bd2 {[%emt 0:03:27] Weighted Error Value: White=0.17 (very precise) /Black=0.18 (very precise) .  Mistake:       	White=2     	Black=4      Inaccurate:     	White=1     	Black=2      OK:         	White=16    	Black=17     Best:        	White=1     	---        Strong:       	White=3     	---} 1-0

[Event "German Bundesliga 2023-24"]
[Site "Germany"]
[Date "2024.03.16"]
[Round "12.3"]
[White "Burg, Twan"]
[Black "Engel, Luis"]
[Result "0-1"]
[ECO "B52"]
[WhiteElo "2530"]
[BlackElo "2547"]
[Annotator "TA"]
[PlyCount "96"]
[EventDate "2023.10.20"]
[EventType "team-tourn"]
[EventCountry "GER"]
[SourceTitle "playchess.com"]
[Source "ChessBase"]
[SourceQuality "1"]
[TimeControl "40/6000+30:3000+30"]

1. e4 c5 2. Nf3 d6 3. Bb5+ Bd7 4. Bxd7+ Qxd7 5. c4 Nc6 6. d4 cxd4 7. Nxd4 g6 8. Nc3 Bg7 9. Be3 Nf6 10. f3 O-O 11. O-O a6 12. a4 e6 13. Rc1 Rfd8 14. Nde2 {[%emt 0:03:53] Die Stellung ist ausgeglichen.} d5 15. cxd5 exd5 16. Bb6 {[%emt 0:00:39] Nxd5 ist eine echte Drohung.} Re8 (16... d4 {mit weiteren Verwicklungen.} 17. Bxd8 Rxd8 18. Nd5 Nxd5 19. exd5 Qxd5 20. Nf4 Qf5) 17. Nxd5 Nxd5 18. Qxd5 Qxd5 19. exd5 Rxe2 20. dxc6 bxc6 21. Rf2 Rxb2 22. Rxb2 (22. Rxc6 $2 {zu gefräßig.} Rb1+ 23. Rf1 Rxb6 24. Rxb6 Bd4+ 25. Kh1 Bxb6 $19) 22... Bxb2 23. Rxc6 $11 {[%emt 0:00:12][%mdl 4096] Endspiel. KRB-KRB} Kf8 24. Kf2 Ke8 25. Ke3 Be5 26. h3 Kd7 27. Rc4 Rb8 28. a5 Re8 29. f4 Bd6+ 30. Kf3 f5 31. Rd4 Rc8 32. Rd3 {[%emt 0:01:28] Verhindert Rc3} Rc4 33. Be3 Kc6 34. g4 {[%emt 0:00:07] Schwarz führt seinen Vorteil zum Gewinn.} (34. Rb3 $15) 34... Ra4 $17 35. Rc3+ Kd5 $1 36. Rd3+ Ke6 $1 37. gxf5+ gxf5 38. Rc3 (38. Bd2 $17 {ist eine bessere Verteidigung.}) 38... Rxa5 $19 39. Rc8 Ra3 $1 40. Ke2 a5 41. h4 h5 42. Bd2 (42. Rh8 $142) 42... Ra2 43. Kd3 a4 44. Ra8 a3 $1 45. Ra6 {[%emt 0:01:31] Bb4 wäre nun fies.} Kd5 46. Ra5+ {[%emt 0:00:54] [#]} Kc6 $1 {[%emt 0:00:06][%cal Oa2d2] Und jetzt ...Rxd2+! wäre schön.} 47. Rxf5 $2 {[%emt 0:00:35] [#]} (47. Ra6+ $19 Kc7 (47... Kd5 48. Ra5+ Kc6 49. Bc3 $17) 48. Ba5+ Kd7 49. Bc3) 47... Rxd2+ $1 48. Kxd2 a2 {[%emt 0:00:05] Gewichteter Fehlerwert: Weiß=0.33/Schwarz=0.05 (makellos) .  Fehler:       	Weiß=4     	---        Ungenau:       	Weiß=1     	Schwarz=2     OK:         	Weiß=13    	Schwarz=16    Bester:       	Weiß=1     	Schwarz=2     Stark:        	---       	Schwarz=4     Brilliant:      	---       	Schwarz=1} 0-1

[Event "German Bundesliga 2023-24"]
[Site "Germany"]
[Date "2024.03.16"]
[Round "12.4"]
[White "Michalik, Peter"]
[Black "Korobov, Anton"]
[Result "1/2-1/2"]
[ECO "D43"]
[WhiteElo "2576"]
[BlackElo "2658"]
[Annotator "TA"]
[PlyCount "62"]
[EventDate "2023.10.20"]
[EventType "team-tourn"]
[EventCountry "GER"]
[SourceTitle "playchess.com"]
[Source "ChessBase"]
[SourceQuality "1"]
[TimeControl "40/6000+30:3000+30"]

1. d4 d5 2. c4 c6 3. Nf3 Nf6 4. Nc3 e6 5. Bg5 h6 6. Bxf6 Qxf6 7. e3 Nd7 8. Bd3 g6 9. O-O dxc4 10. Bxc4 Bg7 11. e4 e5 12. d5 Nb6 13. Bb3 O-O 14. Nd2 h5 15. Nc4 (15. h3 $14) 15... Rd8 {[%emt 0:09:21] Black is slightly better.} 16. Qf3 (16. Ne3 $11) 16... Qxf3 $15 17. gxf3 Bh3 ({Of course not} 17... cxd5 $6 18. Nxb6 axb6 19. Nxd5 $14) 18. Rfd1 Nxc4 19. Bxc4 Bf8 20. Rd3 b5 21. Bb3 b4 22. Nd1 cxd5 {[%emt 0:01:08] The position is equal.} 23. Bxd5 Rac8 24. f4 $1 Be6 25. fxe5 Bg7 26. a3 Bxd5 (26... Bxe5 27. axb4 Rb8 28. Ra4) 27. exd5 Bxe5 28. axb4 Rc4 29. Rxa7 Rxb4 30. b3 Rb5 31. Ne3 Bf4 {[%emt 0:00:16] Weighted Error Value: White=0.17 (very precise) /Black=0.06 (flawless) .  Mistake:       	White=2     	---        Inaccurate:     	White=1     	Black=2      OK:         	White=5     	Black=9      Best:        	White=2     	Black=1      Strong:       	White=1     	---} 1/2-1/2

[Event "German Bundesliga 2023-24"]
[Site "Germany"]
[Date "2024.03.16"]
[Round "12.4"]
[White "Bogner, Sebastian"]
[Black "Van Wely, Loek"]
[Result "1-0"]
[ECO "D16"]
[WhiteElo "2536"]
[BlackElo "2626"]
[Annotator "TA"]
[PlyCount "97"]
[EventDate "2023.10.20"]
[EventType "team-tourn"]
[EventCountry "GER"]
[SourceTitle "playchess.com"]
[Source "ChessBase"]
[SourceQuality "1"]
[TimeControl "40/6000+30:3000+30"]

1. d4 d5 2. c4 c6 3. Nf3 Nf6 4. Nc3 dxc4 5. a4 e6 6. e3 c5 7. Bxc4 Nc6 8. O-O cxd4 9. exd4 Be7 10. Bg5 O-O 11. Qd2 Nb4 {[%emt 0:09:44] The position is equal.} 12. Ne5 Bd7 13. Bxf6 gxf6 (13... Bxf6 $11 {keeps the balance.} 14. Ne4 Bxe5) 14. Nxd7 $16 Qxd7 15. Rad1 Qc7 16. Qe2 Rac8 17. Bb3 Rfd8 18. d5 exd5 19. Rfe1 Bc5 20. Qg4+ Kh8 21. Qf5 Bf8 22. Nxd5 (22. Qxf6+ Bg7 23. Qf5 Qd7) (22. Bxd5 Nxd5 23. Nxd5 Qc2 24. Qxf6+ Bg7 $16) 22... Nxd5 23. Bxd5 {[%emt 0:00:11][%cal Od5e4] Intending Be4! and mate.} (23. Rxd5 Rxd5 24. Qxd5 (24. Bxd5 Qe5 $14) 24... Bd6) 23... Bg7 {[%emt 0:02:24] Black is weak on the light squares} 24. Be4 Kg8 25. Qxh7+ Kf8 26. Qf5 ({White should play} 26. g3 $18) 26... b6 (26... Qe5 $16 27. g3 Qxb2 28. Rxd8+ Rxd8) 27. Qf3 Rxd1 28. Rxd1 Rd8 29. Bd5 (29. Rxd8+ $18 Qxd8 30. b3) 29... Qe5 30. b3 f5 31. g3 Bf6 32. Kg2 Be7 33. Rd3 Bc5 34. h4 $40 {[%emt 0:00:31][%mdl 128] White is out for blood.} Rd6 35. Bc4 {[%emt 0:00:59] Black must now prevent Qh5.} Qe4 (35... Rxd3 $16 36. Bxd3 f4) 36. Qxe4 $18 fxe4 37. Rxd6 Bxd6 {[%emt 0:00:01][%mdl 4096] Endgame. KB-KB} 38. Bd5 $1 f5 {[%emt 0:00:19] [#]} (38... e3 {was called for.} 39. f4 (39. fxe3 Kg7 $18) 39... Bb4) 39. Be6 $1 f4 {[%emt 0:00:20] [#]} 40. g4 $1 f3+ 41. Kh3 Ke7 {[%emt 0:35:03] aiming for ...e3.} 42. Bd5 e3 $2 (42... Kf6 43. Bxe4 Ke5) 43. fxe3 {[%emt 0:00:25] White is clearly winning.} ({Not} 43. Bxf3 exf2 44. Be2 (44. Kg2 Bg3 $16) 44... Ke6 $16) 43... f2 (43... a6 $142 44. Bxf3 Kf7) 44. Bc4 Bc5 45. g5 (45. Kg2 Bxe3 46. Kf3 Bc5) 45... Kd6 46. Kg4 {[%emt 0:01:58] Threatens to win with h5.} Bxe3 47. h5 a5 48. h6 Ke7 49. Kh5 {[%emt 0:00:09] Weighted Error Value: White=0.09 (flawless) /Black=0.18 (very precise) .  Mistake:       	White=2     	Black=6      Inaccurate:     	---       	Black=1      OK:         	White=17    	Black=10     Best:        	White=2     	Black=2      Strong:       	White=3     	---} 1-0

[Event "German Bundesliga 2023-24"]
[Site "Germany"]
[Date "2024.03.16"]
[Round "12.4"]
[White "Papp, Gabor"]
[Black "Swinkels, Robin"]
[Result "1/2-1/2"]
[ECO "C54"]
[WhiteElo "2530"]
[BlackElo "2515"]
[Annotator "TA"]
[PlyCount "111"]
[EventDate "2023.10.20"]
[EventType "team-tourn"]
[EventCountry "GER"]
[SourceTitle "playchess.com"]
[Source "ChessBase"]
[SourceQuality "1"]
[TimeControl "40/6000+30:3000+30"]

1. e4 e5 2. Nf3 Nc6 3. Bc4 Bc5 4. d3 Nf6 5. Bg5 h6 6. Bh4 d6 7. c3 a6 8. a4 Ba7 9. Nbd2 Qe7 10. O-O g5 11. Bg3 Bg4 12. h3 Bd7 13. b4 Nh5 14. Kh2 Nf4 15. b5 Na5 16. bxa6 (16. Bxf4 {simplifies} Nxc4 17. Nxc4 exf4 18. Rb1) 16... bxa6 17. d4 O-O (17... Ng6 {simplifies} 18. Bd5 c6 19. Ba2 h5) 18. Bxa6 Bxd4 19. cxd4 Rxa6 20. Rc1 c5 21. dxe5 dxe5 22. Qc2 Rc8 23. Qc3 Bxa4 (23... Ne2 24. Qd3 Nxg3 25. Qxa6 Nxf1+ 26. Rxf1) (23... f6 $11) 24. Nxe5 $16 {[%emt 0:04:06] Bxf4 is the strong threat.} (24. Qxe5 Qxe5 25. Nxe5 Bb5 $16) 24... Ne2 (24... Bb5 $16) 25. Qd3 $1 $18 Nxg3 26. fxg3 ({And not} 26. Qxa6 Nxf1+ 27. Kg1 Rd8 28. Nxf1 Nb3 $11) 26... c4 $2 {[%emt 0:01:04] [#]} (26... Re6 $16 {might work better.}) 27. Ndxc4 $2 (27. Qc3 $1 $18 {is the precise move to win.} Be8 28. Ng4 (28. Ndxc4 $2 {too greedy.} Nxc4 29. Ng4 Rac6 $19)) 27... Bb5 $16 28. Nxa5 {[%emt 0:15:54] Excellent horsemanship.} (28. Ne3 $16 Rxc1 (28... Bxd3 $2 29. Rxc8+ Kh7 30. Rxf7+ $18) 29. Qxb5 Rxf1 30. Qxa6 Qxe5 31. Nxf1) 28... Rxc1 $11 {[%emt 0:02:55] The position is equal.} 29. Qxb5 Rxa5 $1 30. Qb8+ Qf8 31. Qxf8+ (31. Rxc1 $2 {perishes.} Qxb8 32. Ng4 Qb6 $19) 31... Kxf8 {[%emt 0:00:02][%mdl 4096] Endgame. KRR-KRN} 32. Nd7+ Ke7 33. Rxc1 Kxd7 {[%emt 0:00:02] KR-KR} 34. Rb1 Ra6 35. h4 Re6 36. Rb7+ Ke8 37. Rb4 Ke7 38. Kh3 Kf6 39. Kg4 Kg6 40. Kf3 Rf6+ 41. Ke3 Rf1 42. Rb6+ Kg7 43. Ke2 Rh1 44. hxg5 hxg5 45. Kf3 Re1 46. Ra6 f6 47. Ra7+ Kg6 48. Re7 Rf1+ 49. Ke2 Rg1 50. Kf2 Ra1 51. Re6 Ra2+ 52. Kf3 Ra3+ 53. Kg4 Ra4 54. Kf3 $1 Ra3+ 55. Kg4 Ra4 56. Kf3 {[%emt 0:00:03] Weighted Error Value: White=0.15 (very precise) /Black=0.13 (very precise) .  Loses game:     	---       	Black=1      Missed win:     	White=1     	---        Mistake:       	White=1     	Black=2      Inaccurate:     	White=1     	Black=2      OK:         	White=14    	Black=18     Best:        	White=2     	Black=12     Strong:       	White=1     	Black=1} 1/2-1/2

[Event "German Bundesliga 2023-24"]
[Site "Germany"]
[Date "2024.03.16"]
[Round "12.5"]
[White "Meier, Georg"]
[Black "Vogel, Roven"]
[Result "1-0"]
[ECO "A49"]
[WhiteElo "2628"]
[BlackElo "2471"]
[Annotator "TA"]
[PlyCount "67"]
[EventDate "2023.10.20"]
[EventType "team-tourn"]
[EventCountry "GER"]
[SourceTitle "playchess.com"]
[Source "ChessBase"]
[SourceQuality "1"]
[TimeControl "40/6000+30:3000+30"]

1. Nf3 Nf6 2. g3 g6 3. b3 Bg7 4. Bb2 d6 5. d4 c5 6. Bg2 cxd4 7. Nxd4 d5 8. c4 e5 {[%emt 0:03:30] The position is equal.} 9. Nc2 d4 10. e3 Bg4 (10... d3 $14) 11. f3 $1 $16 Bf5 12. exd4 Bxc2 13. Qxc2 exd4 14. Qe2+ Kf8 {[%emt 0:00:35] [#]} 15. Na3 $1 Qa5+ 16. Qd2 Qe5+ {[%emt 0:00:06] [#]} 17. Kf2 $1 {[%emt 0:22:03][%cal Oa1e1] Rae1! would now be deadly.} Nc6 18. Rhe1 $36 {[%emt 0:06:06][%mdl 2048] White is on the roll.} Qf5 19. Kg1 (19. Bxd4 $2 {too greedy.} Ng4+ 20. Kf1 Bxd4 $19 (20... Nxd4 $2 21. Kg1 $19)) 19... Rd8 20. Rad1 Ne8 (20... h5 $16) 21. Nc2 $18 a5 (21... d3 $16 {keeps fighting.} 22. Ba3+ Kg8) 22. f4 d3 23. Ba3+ {[%emt 0:00:38] A strong pair of Bishops.} Kg8 24. Ne3 Qh5 25. Bd5 Bd4 $2 (25... Nc7 {was worth a try.} 26. Qxd3 Bf6) 26. Kg2 {[%emt 0:02:37] White is clearly winning.} ({Not} 26. Qxd3 Kg7 27. Kg2 Nf6 $18) 26... Nf6 27. Bf3 Bxe3 28. Rxe3 Ng4 29. Bxg4 (29. Rxd3 $2 {is the wrong capture.} Qxh2+ 30. Kf1 Rxd3 31. Qxh2 Nxh2+ $19 (31... Rxf3+ $2 32. Kg1 $19)) 29... Qxg4 30. Bb2 {[%emt 0:00:53][%cal Od2c3] Threatens to win with Qc3!} h5 31. Bxh8 Kxh8 32. Qc3+ Kg8 33. Rdxd3 Rf8 34. Qf6 {[%emt 0:01:32] White took control after the opening.   Weighted Error Value: White=0.03 (flawless) /Black=0.47.  Mistake:       	---       	Black=4      Inaccurate:     	---       	Black=2      OK:         	White=14    	Black=9      Best:        	White=5     	Black=3      Strong:       	White=3     	---} 1-0